Map: [ESL] Data-C

Players

Gerald

  • Race: Protoss Protoss
  • Spawn Location: 3:00

ShaDoWn - Winner!

  • Race: Protoss Protoss
  • Spawn Location: 9:00

Event: DreamHack SC2 Masters 2022 Atlanta (Online)

VOD

Have the link to the VOD?

Description

Time

  • Played on: Oct. 4, 2022, 12:45 p.m.
  • Length: 13:19

All games in this series

Show
View Real Time Build Order
Export as new Build Order

Gerald Protoss 

Build Orders: Oracle Opening, Phoenix Opening 

Get SALT Encoding   

  12  0:00  Probe  
  13  0:12  Probe  
  14  0:17  Pylon  
  14  0:24  Probe (Chrono Boost)  
  16  0:36  Gateway  
  16  0:37  Probe (Chrono Boost)  
  16  0:42  Probe (Chrono Boost)  
  16  0:46  Assimilator  
  17  0:52  Probe (Chrono Boost)  
  17  0:55  Assimilator  
  18  1:04  Probe (Chrono Boost)  
  19  1:12  Gateway  
  19  1:13  Probe (Chrono Boost)  
  19  1:18  Probe  
  20  1:25  Cybernetics Core  
  21  1:31  Probe  
  22  1:35  Pylon  
  22  1:43  Probe  
  23  1:55  Probe  
  23  1:57  Pylon  
  24  2:03  Stalker  
  24  2:06  Stalker  
  24  2:07  Probe  
  29  2:13  Pylon  
  29  2:15  Warp Gate  
  29  2:19  Probe  
  30  2:23  Pylon  
  30  2:28  Pylon  
  29  2:31  Probe  
  30  2:41  Stargate  
  30  2:43  Probe  
  31  2:56  Probe  
  32  3:00  Shield Battery  
  32  3:08  Probe  
  30  3:20  Probe  
  30  3:23  Nexus  
  31  3:30  Phoenix (Chrono Boost)  
  33  3:35  Probe  
  34  3:47  Probe  
  35  3:48  Pylon  
  35  3:52  Oracle  
  38  3:59  Probe  
  39  4:08  Twilight Council  
  39  4:11  Probe (Chrono Boost)  
  40  4:24  Probe (Chrono Boost)  
  41  4:29  Oracle  
  44  4:31  Shield Battery  
  44  4:32  Probe (Chrono Boost)  
  44  4:36  Probe (Chrono Boost)  
  46  4:44  Probe (Chrono Boost)  
  48  4:46  Probe (Chrono Boost)  
  48  4:50  Probe (Chrono Boost)  
  48  4:51  Probe (Chrono Boost)  
  49  4:53  Stalker x2  
  49  4:55  Blink (Chrono Boost)  
  54  5:02  Probe  
  54  5:03  Probe  
  54  5:04  Assimilator  
  56  5:12  Gateway  
  56  5:18  Probe  
  56  5:19  Stalker, Pylon  
  59  5:23  Stalker  
  61  5:37  Nexus  
  61  5:38  Probe  
  61  5:42  Shield Battery  
  62  5:43  Probe  
  63  5:50  Probe  
  63  5:51  Stalker  
  63  5:55  Probe  
  67  6:02  Probe, Pylon  
  68  6:05  Forge  
  68  6:07  Probe  
  69  6:15  Pylon  
  69  6:19  Probe  
  69  6:20  Probe  
  69  6:21  Pylon  
  69  6:25  Stalker x3  
  73  6:31  Probe  
  78  6:33  Probe  
  78  6:38  Protoss Ground Weapons Level 1 (Chrono Boost)  
  73  6:43  Robotics Facility, Probe  
  73  6:45  Probe  
  75  6:49  Probe  
  75  6:53  Stalker x3  
  82  6:58  Probe  
  82  6:59  Probe  
  79  7:16  Shield Battery, Stalker x2  
  79  7:17  Stalker  
  79  7:19  Probe x3  
  79  7:20  Gateway  
  87  7:24  Shield Battery  
  87  7:31  Probe  
  80  7:42  Stalker x3  
  76  7:47  Probe (Chrono Boost)  
  76  7:51  Observer (Chrono Boost), Robotics Bay  
  78  7:53  Probe x2 (Chrono Boost)  
  78  7:54  Robotics Facility  
  78  7:56  Probe (Chrono Boost)  
  79  7:59  Pylon  
  79  8:00  Probe x2 (Chrono Boost)  
  79  8:01  Probe (Chrono Boost)  
  79  8:05  Assimilator  
  82  8:08  Stalker x2  
  82  8:11  Probe x2  
  88  8:13  Probe, Stalker  
  91  8:23  Probe x2  
  91  8:25  Probe, Assimilator  
  94  8:27  Pylon  
  94  8:29  Assimilator  
  94  8:33  Pylon  
  94  8:35  Stalker  
  94  8:36  Stalker  
  94  8:39  Disruptor (Chrono Boost)  
  101  8:48  Probe x3  
  103  8:51  Gateway  
  103  8:53  Disruptor (Chrono Boost)  
  107  9:05  Photon Cannon  
  107  9:06  Stalker, Pylon  
  107  9:07  Stalker  
  107  9:08  Stalker  
  113  9:12  Probe  
  116  9:17  Probe  
  116  9:19  Pylon  
  116  9:20  Disruptor (Chrono Boost)  
  120  9:25  Photon Cannon  
  120  9:26  Observer (Chrono Boost)  
  120  9:30  Probe  
  118  9:34  Probe  
  118  9:35  Observer  
  118  9:37  Gateway  
  119  9:39  Disruptor (Chrono Boost)  
  119  9:43  Stalker x2  
  126  9:47  Disruptor (Chrono Boost)  
  129  9:53  Pylon  
  129  9:55  Stalker x2  
  132  10:04  Stalker  
  132  10:06  Gateway  
  134  10:09  Observer (Chrono Boost)  
  134  10:10  Stalker x2  
  138  10:18  Probe  
  138  10:19  Zealot x2  
  138  10:21  Probe x2  
  126  10:34  Stalker  
  106  10:36  Stalker x3  
  106  10:37  Probe x3  
  114  10:43  Zealot  
  114  10:44  Zealot  
  114  10:47  Observer  
  115  10:52  Probe  
  102  11:07  Disruptor x2 (Chrono Boost)  
  102  11:09  Probe  
  102  11:10  Probe x2  
  108  11:17  Photon Cannon  
  108  11:21  Probe  
  108  11:22  Nexus, Probe x2  
  108  11:23  Pylon  
  111  11:28  Robotics Facility  
  111  11:33  Dark Shrine, Probe  
  111  11:36  Disruptor (Chrono Boost)  
  115  11:41  Disruptor (Chrono Boost)  
  115  11:44  Probe  
  118  11:54  Shield Battery  
  118  11:57  Photon Cannon  
  115  12:09  Disruptor (Chrono Boost)  
  117  12:15  Observer (Chrono Boost)  
  117  12:19  Stalker x2  
  117  12:20  Stalker  
  123  12:28  Disruptor  
  113  12:33  Stalker x4  
  118  12:37  Disruptor  
  118  12:43  Disruptor  
  113  12:46  Probe, Photon Cannon  
  113  12:47  Photon Cannon  
  114  12:54  Zealot x3  
  113  13:02  Zealot x4  
Show
View Real Time Build Order
Export as new Build Order

ShaDoWn Protoss - Winner!

Build Orders: Oracle Opening 

Get SALT Encoding   

  12  0:00  Probe  
  13  0:12  Probe  
  14  0:19  Pylon  
  14  0:24  Probe  
  15  0:38  Probe (Chrono Boost)  
  15  0:40  Gateway  
  16  0:47  Probe (Chrono Boost), Assimilator  
  17  0:52  Probe (Chrono Boost)  
  19  1:04  Probe (Chrono Boost)  
  19  1:05  Assimilator  
  19  1:06  Pylon  
  19  1:13  Probe (Chrono Boost)  
  20  1:18  Probe (Chrono Boost)  
  21  1:27  Cybernetics Core  
  21  1:30  Probe  
  21  1:31  Zealot  
  24  1:42  Probe  
  25  1:54  Probe  
  26  2:03  Adept, Stargate  
  26  2:06  Probe  
  29  2:09  Pylon  
  29  2:13  Warp Gate  
  29  2:19  Probe  
  30  2:31  Probe  
  31  2:47  Nexus  
  31  2:49  Oracle (Chrono Boost)  
  33  2:59  Stalker  
  36  3:09  Shield Battery  
  36  3:11  Probe  
  34  3:21  Shield Battery  
  34  3:23  Probe  
  35  3:29  Stalker  
  35  3:33  Pylon  
  37  3:36  Probe  
  38  3:46  Twilight Council  
  38  3:49  Probe  
  39  4:00  Gateway  
  39  4:01  Probe  
  39  4:02  Probe  
  41  4:13  Stalker  
  41  4:14  Probe (Chrono Boost)  
  41  4:15  Probe (Chrono Boost)  
  45  4:18  Blink (Chrono Boost)  
  45  4:26  Probe (Chrono Boost)  
  45  4:27  Probe (Chrono Boost)  
  47  4:33  Gateway  
  47  4:34  Probe (Chrono Boost)  
  47  4:35  Probe (Chrono Boost)  
  49  4:39  Stalker  
  49  4:40  Probe (Chrono Boost)  
  49  4:42  Probe  
  54  4:57  Stalker  
  54  4:59  Nexus  
  55  5:05  Stalker  
  57  5:08  Probe x2  
  57  5:10  Assimilator  
  57  5:12  Pylon  
  59  5:20  Probe  
  61  5:23  Pylon  
  61  5:25  Stalker  
  62  5:30  Probe  
  62  5:31  Stalker x2  
  67  5:37  Probe  
  67  5:40  Pylon  
  68  5:43  Probe  
  68  5:49  Probe  
  70  5:50  Stalker  
  70  5:55  Stalker x2  
  70  5:56  Pylon  
  76  5:57  Probe  
  76  6:01  Probe  
  76  6:02  Charge (Chrono Boost)  
  78  6:14  Probe  
  78  6:16  Probe  
  78  6:18  Probe  
  81  6:19  Stalker x3  
  87  6:27  Probe  
  87  6:28  Probe  
  89  6:34  Probe  
  87  6:40  Probe  
  87  6:42  Stalker x3, Pylon  
  87  6:44  Probe  
  95  6:49  Forge  
  95  6:50  Probe  
  96  6:54  Probe  
  96  6:56  Pylon  
  96  7:00  Nexus, Robotics Facility  
  95  7:10  Stalker x3  
  95  7:11  Probe  
  102  7:16  Probe, Pylon  
  102  7:17  Probe  
  102  7:20  Assimilator  
  102  7:21  Assimilator  
  104  7:23  Probe  
  104  7:28  Probe  
  100  7:38  Stalker x2  
  100  7:39  Stalker  
  96  7:46  Protoss Ground Weapons Level 1 (Chrono Boost), Probe  
  96  7:50  Probe  
  96  7:51  Probe  
  97  7:56  Warp Prism (Chrono Boost)  
  97  7:58  Gateway  
  98  7:59  Probe, Gateway  
  98  8:01  Gateway  
  98  8:03  Probe, Gateway  
  98  8:05  Dark Shrine  
  101  8:06  Stalker x3  
  101  8:08  Probe  
  101  8:11  Probe  
  101  8:12  Probe  
  110  8:21  Probe  
  110  8:23  Pylon  
  110  8:25  Observer (Chrono Boost)  
  112  8:29  Stalker x3  
  118  8:35  Gateway  
  118  8:36  Gateway  
  118  8:37  Gateway  
  118  8:38  Observer (Chrono Boost)  
  117  8:50  Pylon  
  117  8:52  Zealot  
  117  8:53  Zealot x3  
  125  8:57  Zealot x2  
  125  9:00  Zealot  
  131  9:04  Observer, Photon Cannon x2  
  131  9:07  Photon Cannon  
  132  9:13  Zealot x4  
  140  9:18  Shadow Stride (Chrono Boost)  
  140  9:24  Stalker x3  
  140  9:31  Robotics Facility  
  146  9:32  Robotics Bay  
  146  9:37  Dark Templar x4  
  154  9:43  Zealot x3  
  160  9:51  Probe  
  160  9:54  Nexus  
  160  9:56  Pylon  
  160  10:13  Probe  
  157  10:17  Zealot, Sentry x3  
  157  10:18  Zealot x6  
  157  10:19  Dark Templar  
  157  10:20  Zealot x4, Dark Templar x3  
  165  10:22  Zealot  
  165  10:25  Probe  
  137  10:28  Probe  
  137  10:32  Disruptor (Chrono Boost)  
  137  10:35  Zealot  
  128  10:41  Stalker x4  
  132  10:44  Zealot  
  132  10:45  Probe x4  
  132  10:47  Photon Cannon  
  132  10:54  Zealot x3, Stalker  
  132  10:56  Assimilator  
  128  10:57  Probe x2, Assimilator  
  116  11:04  Disruptor (Chrono Boost)  
  116  11:10  Zealot x2, Stalker x4  
  125  11:16  Stalker x2  
  133  11:19  Zealot x2  
  133  11:23  Probe x3 (Chrono Boost)  
  133  11:24  Probe (Chrono Boost)  
  133  11:25  Disruptor (Chrono Boost)  
  139  11:33  Zealot x4, Stalker x2  
  139  11:37  Shield Battery, Photon Cannon  
  154  11:44  Zealot x4  
  159  11:49  Disruptor, Shield Battery  
  162  11:59  Stalker x4  
  170  12:06  Stalker x3  
  170  12:08  Zealot x3  
  178  12:11  Pylon  
  175  12:31  Disruptor  
  175  12:32  Stalker x7  
  182  12:38  Probe  
  182  12:42  Disruptor  
  182  12:48  Stalker x3  
  182  12:58  Stalker x4  
  182  12:59  Zealot x2  
  182  13:00  Probe  
Tags
 
Add a new tag
Caveats
  • Supply blocks, unpowered buildings, or Contaminate may cause inaccurate times.
  • Supply counts are checked every 10 seconds.